 Dungeon Crawl Stone Soup version 0.23-a0-335-gba3dfdf (webtiles) character file.

89060 epen the Fighter (level 15, -4/122 HPs)
             Began as a Gnoll Assassin on Oct 17, 2018.
             Was the Champion of Cheibriados.
             Killed from afar by a black draconian (29 damage)
             ... with a bolt of lightning
             ... created by the fury of Okawaru
             ... on level 2 of the Orcish Mines.
             The game lasted 01:01:43 (27845 turns).

epen the Fighter (Gnoll Assassin)                  Turns: 27845, Time: 01:01:44

Health: -4/122     AC: 39    Str: 37    XL:     15   Next: 96%
Magic:  15/29      EV: 18    Int: 31    God:    Cheibriados [******]
Gold:   1665       SH: 10    Dex: 36    Spells: 26/34 levels left

rFire    . . .     SeeInvis +   W - +9 demon trident (flame)
rCold    . . .     Gourm    .   X - +0 buckler
rNeg     . . .     Faith    +   h - +8 orange crystal plate armour {Archmagi, Int+3 Clar}
rPois    .         Spirit   .   Y - +2 helmet
rElec    .         Reflect  .   d - +1 cloak
rCorr    .         Harm     .   f - +0 pair of fencer's gloves {+Riposte Dex+3}
MR       +....     Clarity  +   Z - +2 pair of boots {Fly}
Stlth    ..........             E - amulet of faith
HPRegen  1.30/turn              r - +3 ring of strength
MPRegen  0.21/turn              y - ring of see invisible

@: lethally poisoned (-4 -> -4), regenerating, studying Fighting, very slow
A: distributed training, fangs 1, strong nose
a: Bend Time, Temporal Distortion, Slouch, Step From Time, Renounce Religion,
Evoke Flight


You were on level 2 of the Orcish Mines.
You worshipped Cheibriados.
Cheibriados was exalted by your worship.
You were not hungry.

You visited 3 branches of the dungeon, and saw 22 of its levels.
You also visited: Labyrinth, Ossuary, Bailey, Ice Cave and Volcano.

You collected 2110 gold pieces.
You spent 445 gold pieces at shops.

Inventory:

Hand Weapons
 q - a +3 blowgun
 K - the +7 great mace of the Priest {elec, rC+ rN+ Dex+2 Stlth-}
   (Okawaru gifted it to you in an ice cave)

   Occasionally, upon striking a foe, it will discharge some electrical energy
   and cause terrible harm.
   It affects your dexterity (+2).
   It protects you from cold.
   It protects you from negative energy.
   It makes you less stealthy.
 W - a +9 demon trident of flaming (weapon)
Missiles
 e - 129 poisoned needles
 Q - 6 curare-tipped needles
Armour
 d - a +1 cloak (worn)
 f - the +0 pair of fencer's gloves (worn) {+Riposte Dex+3}
   (You acquired it on level 6 of the Lair of Beasts)

   It affects your dexterity (+3).
 h - the +8 orange crystal plate armour (worn) {Archmagi, Int+3 Clar}
   (You found it on level 6 of the Lair of Beasts)

   It affects your intelligence (+3).
   It protects you against confusion.
 t - a scarf of cloud immunity
 X - a +0 buckler (worn)
 Y - a +2 helmet (worn)
 Z - a +2 pair of boots of flying (worn)
Jewellery
 l - an uncursed ring of ice
 r - a +3 ring of strength (left hand)
 y - a ring of see invisible (right hand)
 E - an amulet of faith (around neck)
 J - an uncursed ring of magical power
Wands
 D - a wand of scattershot (2)
 L - a wand of flame (22)
 M - a wand of disintegration (31)
 N - a wand of paralysis (34)
 O - a wand of polymorph (26)
 U - a wand of digging (7)
Scrolls
 b - a scroll of magic mapping
 i - 7 scrolls of immolation
 s - 14 scrolls of remove curse
 v - 6 scrolls of fog
 A - 7 scrolls of enchant armour
 B - 2 scrolls of fear
 F - 2 scrolls of silence
 I - 3 scrolls of blinking
 R - a scroll of enchant weapon
 S - 10 scrolls of identify
Potions
 j - a potion of heal wounds
 k - 7 potions of brilliance
 m - 2 potions of magic
 n - 9 potions of curing
 p - 5 potions of lignification
 u - 2 potions of might
 w - 4 potions of ambrosia
 x - 3 potions of haste
 z - 7 potions of agility
 C - 2 potions of cancellation
 G - a potion of mutation
Books
 a - a manual of Fighting
Miscellaneous
 V - a lightning rod (1/4)
Comestibles
 c - 10 chunks of flesh
 g - 39 rations


   Skills:
 + Level 12.9 Fighting
 + Level 11.1 Short Blades
 + Level 10.2 Long Blades
 + Level 10.2 Axes
 + Level 10.2 Maces & Flails
 + Level 10.2 Polearms
 + Level 10.2 Staves
 + Level 10.2 Slings
 + Level 10.2 Bows
 + Level 10.2 Crossbows
 + Level 11.1 Throwing
 + Level 10.2 Armour
 + Level 10.6 Dodging
 + Level 12.5 Stealth
 + Level 10.2 Shields
 + Level 10.2 Unarmed Combat
 + Level 10.2 Spellcasting
 + Level 8.7 Conjurations
 + Level 8.7 Hexes
 + Level 8.7 Charms
 + Level 8.7 Summonings
 + Level 8.7 Necromancy
 + Level 8.7 Translocations
 + Level 8.7 Transmutations
 + Level 8.7 Fire Magic
 + Level 8.7 Ice Magic
 + Level 8.7 Air Magic
 + Level 8.7 Earth Magic
 + Level 8.7 Poison Magic
 + Level 11.1 Invocations
 + Level 10.2 Evocations


You had 26 spell levels left.
You knew the following spells:

 Your Spells              Type           Power        Failure   Level  Hunger
a - Blink                 Tloc           N/A          1%          2    None
b - Regeneration          Chrm/Necr      #######...   3%          3    None
c - Spectral Weapon       Hex/Chrm       #######.     3%          3    None

Your spell library contained the following spells:

 Spells                   Type           Power        Failure   Level  Hunger
 Animate Skeleton         Necr           N/A          1%          1    None
 Confusing Touch          Hex            ######       1%          1    None
 Infusion                 Chrm           ####         1%          1    None
 Magic Dart               Conj           ####         1%          1    None
 Pain                     Necr           ####         1%          1    None
 Shock                    Conj/Air       ####         1%          1    None
 Call Imp                 Summ           #######.     1%          2    None
 Passwall                 Tmut/Erth      #######.     1%          2    None
 Shroud of Golubria       Chrm/Tloc      #######...   1%          2    None
 Slow                     Hex            #######.     1%          2    None
 Song of Slaying          Chrm           #######.     1%          2    None
 Swiftness                Chrm/Air       #######.     1%          2    None
 Confuse                  Hex            #######.     3%          3    None
 Conjure Flame            Conj/Fire      #######.     3%          3    None
 Gell's Gravitas          Tloc           #######...   3%          3    None
 Mephitic Cloud           Conj/Pois/Air  #######.     3%          3    None
 Recall                   Summ/Tloc      N/A          3%          3    None
 Vampiric Draining        Necr           #######...   3%          3    None
 Animate Dead             Necr           N/A          12%         4    None
 Passage of Golubria      Tloc           N/A          12%         4    None
 Petrify                  Tmut/Erth      #######.     12%         4    None
 Aura of Abjuration       Summ           #######...   34%         5    ###....
 Lee's Rapid Deconstruct  Erth           #######...   34%         5    ###....
 Metabolic Englaciation   Hex/Ice        #######...   34%         5    ###....
 Summon Demon             Summ           #######...   34%         5    ###....
 Summon Forest            Summ/Tloc      #######...   34%         5    ###....
 Summon Mana Viper        Hex/Summ       #######.     34%         5    ###....
 Yara's Violent Unravell  Hex/Tmut       #######...   34%         5    ###....
 Darkness                 Hex            #######...   88%         6    #####..
 Deflect Missiles         Chrm/Air       #######...   88%         6    #####..
 Invisibility             Hex            #######.     88%         6    #####..
 Shadow Creatures         Summ           N/A          88%         6    #####..


Dungeon Overview and Level Annotations

Branches:
Dungeon (14/15)            Temple (0/1) D:7            Lair (6/6) D:9
 Shoals (0/4) Lair:3       Spider (0/4) Lair:2        Slime (0/5) Lair:6
    Orc (2/2) D:12            Elf (0/3) Orc:2        Vaults (0/5) D:14

Altars:
Ashenzari
Cheibriados
Dithmenos
Elyvilon
Fedhas
Hepliaklqana
Okawaru
Qazlal
Ru
Sif Muna
Wu Jian
Xom
The Shining One
Beogh
Jiyva

Shops:
D:5 !   D:6 ([[?%   D:9 (   Orc:1 *

Annotations:
D:7 1 runed door, Ratty's ghost, novice MiBe
D:8 1 runed door
Lair:1 2 transporters, Garbasso's ghost, journeyman FoAK
Lair:4 2 transporters, Yroull's ghost, journeyman OgBe


Innate Abilities, Weirdness & Mutations

Your experience applies equally to all skills.
You have very sharp teeth.
Your uncanny sense of smell can sniff out nearby items.


Message History

The naga spits poison at your spectral weapon.
The splash of poison hits you!
You are more poisoned.
The naga constricts you.
The black draconian breathes lightning at you.
The bolt of lightning hits the naga.
The bolt of lightning hits you! x2
* * * LOW HITPOINT WARNING * * *
You catch the helpless naga completely off-guard!
You puncture the naga! You burn the naga.
You kill the naga!
That felt strangely unrewarding.
You impale the ogre!! You burn the ogre.
The ogre is severely wounded.
Your spectral weapon hits the ogre from afar!
Your spectral weapon burns the ogre.
You kill the ogre!
Cheibriados appreciates the change of pace.
The black draconian breathes lightning at you.
The bolt of lightning hits you!
You die...

## #.# #.#
#.# #.# #.#
#(## ## #@##
##.# ###)#
#...###e.d#
###...#Nd.##
#.##.#NeN##
.......ON##
....$...ยง.##
...........#
.#....N.....#


You could see a black draconian and a friendly spectral demon trident of
flaming.

Vanquished Creatures
  A deep elf master archer (D:14)
  A fire giant (D:12)
  A green draconian (D:12)
  5 stone giants
  A minotaur (Lab)
  A black draconian (D:12)
  An ettin (Orc:2)
  A merfolk impaler (D:13)
  4 vault guards (D:14)
  3 naga warriors
  A catoblepas (Lair:6)
  11 hydras
  3 centaur warriors
  5 two-headed ogres
  3 death yaks (Lair:6)
  Urug (D:11)
  2 tengu warriors
  An orc high priest (Orc:1)
  Sonja (Lair:6)
  4 deep elf knights
  A salamander mystic (Orc:1)
  5 deep elf archers
  3 unseen horrors
  15 deep elf magi
  A wolf spider zombie (D:12)
  An orc sorcerer (Orc:1)
  2 orc knights
  4 ugly things
  6 cyclopes
  6 slime creatures
  3 manticores
  A naga mage (Orc:1)
  5 elephants
  Joseph (D:7)
  3 ice statues (IceCv)
  Maurice (D:13)
  7 black mambas
  18 spiny frogs
  4 torpor snails
  Psyche (D:11)
  3 centaur skeletons
  A merfolk siren (Lair:3)
  2 rime drakes (Lair:2)
  7 komodo dragons
  3 merfolk (D:13)
  A tengu conjurer (Orc:1)
  A jumping spider (Lair:2)
  3 meliai (D:14)
  8 trolls
  A polar bear (D:11)
  A queen bee (D:14)
  13 blink frogs
  13 hippogriffs
  6 dream sheep
  A centaur simulacrum (D:11)
  2 wyverns (Lair:4)
  55 yaks
  A vampire (D:14)
  A wraith (D:12)
  A vampire mosquito (D:14)
  11 basilisks
  6 hungry ghosts
  3 nagas
  19 water moccasins
  2 wargs (Orc:1)
  3 hell hounds (Volcano)
  10 porcupines
  18 orc warriors
  7 sky beasts
  A hornet zombie (D:10)
  16 ice beasts
  9 ogres
  A phantom (D:9)
  15 wolves
  14 centaurs
  16 crocodiles
  4 big kobolds
  An elf zombie (Ossuary)
  23 bullfrogs
  A wyvern skeleton (D:9)
  3 scorpions
  41 killer bees
  3 electric eels
  3 howler monkeys
  6 wights
  9 crimson imps
  A bullfrog zombie (D:5)
  5 centaur zombies
  A human zombie (Ossuary)
  A quasit (D:5)
  4 hounds
  4 jellies
  15 orc priests
  A bullfrog skeleton (D:13)
  15 orc wizards
  4 iguanas
  20 worker ants
  3 big kobold zombies (Ossuary)
  A bullfrog simulacrum (D:11)
  A hound skeleton (D:7)
  2 mummies (Ossuary)
  A howler monkey zombie (D:5)
  Robin (D:2)
  A worker ant zombie (D:8)
  6 gnolls (D:7)
  11 adders
  4 shadow imps
  3 white imps (D:11)
  A worker ant simulacrum (D:11)
  An ufetubus (D:11)
  6 oozes
  2 adder zombies
  3 worms
  10 leopard geckos
  56 orcs
  2 ball pythons
  4 bats
  6 giant cockroaches
  10 hobgoblins
  15 jackals
  17 kobolds
  8 quokkas
  3 frilled lizards
  19 goblins
  6 hobgoblin zombies (Ossuary)
  A jackal zombie (Ossuary)
  10 kobold zombies (Ossuary)
  A leopard gecko zombie (D:5)
  9 orc zombies (Ossuary)
  A quokka skeleton (D:7)
  8 rats
  3 rat zombies (Ossuary)
  A fungus (Lair:6)
816 creatures vanquished.

Vanquished Creatures (others)
  A deep elf knight (Orc:2)
  An ooze (D:1)
  A goblin (D:1)
  A quokka (D:3)
  A bush (Lair:5)
  9 fungi
  11 plants
  8 spectral weapons
33 creatures vanquished.

Grand Total: 849 creatures vanquished

Notes
Turn   | Place    | Note
-------+----------+-------------------------------------------
     0 | D:1      | epen the Gnoll Assassin began the quest for the Orb.
     0 | D:1      | Reached XP level 1. HP: 20/20 MP: 1/1
    64 | D:1      | Reached XP level 2. HP: 26/26 MP: 2/2
   628 | D:2      | Reached XP level 3. HP: 27/31 MP: 3/3
   651 | D:2      | Noticed Robin
   660 | D:2      | Reached skill level 1 in Invocations
  1011 | D:2      | Killed Robin
  1011 | D:2      | Reached skill level 1 in Long Blades
  1011 | D:2      | Reached skill level 1 in Axes
  1011 | D:2      | Reached skill level 1 in Maces & Flails
  1011 | D:2      | Reached skill level 1 in Polearms
  1011 | D:2      | Reached skill level 1 in Staves
  1011 | D:2      | Reached skill level 1 in Slings
  1011 | D:2      | Reached skill level 1 in Bows
  1011 | D:2      | Reached skill level 1 in Crossbows
  1011 | D:2      | Reached skill level 1 in Armour
  1011 | D:2      | Reached skill level 1 in Shields
  1011 | D:2      | Reached skill level 1 in Unarmed Combat
  1011 | D:2      | Reached skill level 1 in Spellcasting
  1011 | D:2      | Reached skill level 1 in Evocations
  1011 | D:2      | Reached XP level 4. HP: 34/38 MP: 5/5
  1517 | D:2      | Found a glowing golden altar of the Shining One.
  1806 | D:3      | Found a deep blue altar of Sif Muna.
  1947 | D:3      | Reached skill level 1 in Conjurations
  1947 | D:3      | Reached skill level 1 in Hexes
  1947 | D:3      | Reached skill level 1 in Charms
  1947 | D:3      | Reached skill level 1 in Summonings
  1947 | D:3      | Reached skill level 1 in Necromancy
  1947 | D:3      | Reached skill level 1 in Translocations
  1947 | D:3      | Reached skill level 1 in Transmutations
  1947 | D:3      | Reached skill level 1 in Fire Magic
  1947 | D:3      | Reached skill level 1 in Ice Magic
  1947 | D:3      | Reached skill level 1 in Air Magic
  1947 | D:3      | Reached skill level 1 in Earth Magic
  1947 | D:3      | Reached skill level 1 in Poison Magic
  2611 | D:4      | Noticed an ogre
  2623 | D:4      | namelastname112: ??distort
  2624 | D:4      | beem: distortion[1/6]: A weapon brand. When it hits,
                  | inflicts a random option from "1-7 bonus damage", "3-26
                  | bonus damage", "blink", "teleport", or {banish}. When you
                  | unwield, you suffer wild translocation effects - up to 43
                  | raw damage, banishment, teleport+confusion, or lots of
                  | glow. The probability of banishment from unwielding is
                  | 207/896, or about 23%.
  2629 | D:4      | Killed an ogre
  2629 | D:4      | Reached XP level 5. HP: 43/43 MP: 7/7
  2662 | D:4      | namelastname112: ??distort [2
  2665 | D:4      | beem: distortion[2/6]: Lugonu prevents distortion unwield
                  | effects. You can also use a scroll of brand weapon to
                  | safely unwield a distortion weapon.
  2666 | D:4      | Reached XP level 6. HP: 44/50 MP: 8/8
  2947 | D:4      | namelastname112: ??tloc miscast
  2947 | D:4      | beem: translocations miscast[1/1]: By severity: 1: 4-12dmg
                  | / 4-10&blink / spatial vortex 2: 9-31 dmg /
                  | 5-13&confuse&(blink or teleport) / 2-4 sp. vorts / banish
                  | 3: 15-43 dmg (and dimensional anchor in 0.16+) /
                  | 9-25&tele&conf / banish / 0-18 glow
  2949 | D:4      | Reached skill level 5 in Fighting
  2949 | D:4      | Reached skill level 5 in Short Blades
  2949 | D:4      | Reached skill level 5 in Throwing
  3707 | D:4      | Found an iron altar of Okawaru.
  3818 | D:4      | Became a worshipper of Warmaster Okawaru
  3893 | D:5      | Entered Level 5 of the Dungeon
  3893 | D:5      | Found Xohaff's Distillery.
  3897 | D:5      | Noticed an ice beast
  3922 | D:5      | Killed an ice beast
  4056 | D:5      | Reached XP level 7. HP: 56/56 MP: 10/10
  4071 | D:5      | Found a sacrificial altar of Ru.
  4234 | D:5      | Reached * piety under Okawaru
  4440 | D:5      | Reached XP level 8. HP: 23/63 MP: 9/12
  4718 | D:5      | Found a stormy altar of Qazlal.
  4982 | D:5      | Reached ** piety under Okawaru
  5624 | D:6      | Found Mef Ippesh's Antique Weapon Boutique.
  5642 | D:6      | Learned a level 3 spell: Regeneration
  5673 | D:6      | Found a shadowy altar of Dithmenos.
  5791 | D:6      | Found a sand-covered staircase.
  5796 | D:6      | Found Gewurupn's Magic Scroll Shop.
  5802 | Ossuary  | Entered an ossuary
  6273 | D:6      | Bought a scroll of teleportation for 36 gold pieces
  6273 | D:6      | Bought a scroll of blinking for 90 gold pieces
  6273 | D:6      | Bought a scroll of enchant weapon for 90 gold pieces
  6343 | D:6      | Found Qaofotz's Armour Boutique.
  6488 | D:6      | Found Wyiwn's Food Shop.
  6643 | D:6      | Found Joykic's Antique Armour Shop.
  6857 | D:7      | Noticed Joseph
  6860 | D:7      | Got a shadowed robe
  6872 | D:7      | Identified the +1 robe of Eternal Vigilance {rPois rC+ MR+
                  | Dex-2} (You found it on level 7 of the Dungeon)
  7440 | D:7      | Noticed a hippogriff
  7442 | D:7      | Killed a hippogriff
  7442 | D:7      | Reached XP level 9. HP: 69/69 MP: 14/14
  7453 | D:7      | Got a warped ring mail
  7465 | D:7      | Identified the +4 ring mail "Weel" {Int+4} (You found it on
                  | level 7 of the Dungeon)
  7585 | D:7      | Found a staircase to the Ecumenical Temple.
  7621 | D:7      | Killed Joseph
  7621 | D:7      | Reached *** piety under Okawaru
  7880 | D:7      | Found a snail-covered altar of Cheibriados.
  8027 | D:7      | Reached skill level 5 in Dodging
  8053 | D:7      | Found a runed door.
  8057 | D:7      | Found a shimmering altar of Xom.
  8057 | D:7      | Noticed Ratty's ghost (novice MiBe)
  8057 | D:7      | Noticed a runed dagger
  8308 | D:7      | Found a shimmering altar of Xom.
  8513 | D:8      | Found a runed door.
  8922 | D:8      | Reached **** piety under Okawaru
  8999 | D:8      | Reached skill level 5 in Invocations
  9042 | D:8      | Learned a level 2 spell: Blink
  9050 | D:8      | Found a runed door.
  9240 | D:8      | Found a blossoming altar of Fedhas.
  9323 | D:8      | Reached XP level 10. HP: 62/77 MP: 15/17
  9351 | D:8      | Noticed a purple ugly thing
  9388 | D:8      | Killed a purple ugly thing
  9388 | D:8      | Received a gift from Okawaru
  9398 | D:8      | Reached skill level 5 in Long Blades
  9398 | D:8      | Reached skill level 5 in Axes
  9398 | D:8      | Reached skill level 5 in Maces & Flails
  9398 | D:8      | Reached skill level 5 in Polearms
  9398 | D:8      | Reached skill level 5 in Staves
  9398 | D:8      | Reached skill level 5 in Slings
  9398 | D:8      | Reached skill level 5 in Bows
  9398 | D:8      | Reached skill level 5 in Crossbows
  9398 | D:8      | Reached skill level 5 in Armour
  9398 | D:8      | Reached skill level 5 in Shields
  9398 | D:8      | Reached skill level 5 in Unarmed Combat
  9398 | D:8      | Reached skill level 5 in Spellcasting
  9398 | D:8      | Reached skill level 5 in Evocations
  9902 | D:9      | Reached ***** piety under Okawaru
  9984 | D:9      | Received a gift from Okawaru
 10059 | D:9      | Found a staircase to the Lair.
 10096 | D:9      | Found Aroin's Antique Weapon Shop.
 10103 | D:9      | Bought a bloodstained war axe for 229 gold pieces
 10103 | D:9      | Identified the +2 war axe "Jout" {chop, rF+ rN+} (You
                  | bought it in a shop on level 9 of the Dungeon)
 10377 | D:8      | Reached XP level 11. HP: 76/84 MP: 6/19
 10512 | D:9      | Found a hazy altar of Hepliaklqana.
 10652 | D:9      | Found an ornate altar of the Wu Jian Council.
 10915 | D:9      | Noticed an unseen horror
 10930 | D:9      | Killed an unseen horror
 10930 | D:9      | Received a gift from Okawaru
 10930 | D:9      | Reached skill level 5 in Conjurations
 10930 | D:9      | Reached skill level 5 in Hexes
 10930 | D:9      | Reached skill level 5 in Charms
 10930 | D:9      | Reached skill level 5 in Summonings
 10930 | D:9      | Reached skill level 5 in Necromancy
 10930 | D:9      | Reached skill level 5 in Translocations
 10930 | D:9      | Reached skill level 5 in Transmutations
 10930 | D:9      | Reached skill level 5 in Fire Magic
 10930 | D:9      | Reached skill level 5 in Ice Magic
 10930 | D:9      | Reached skill level 5 in Air Magic
 10930 | D:9      | Reached skill level 5 in Earth Magic
 10930 | D:9      | Reached skill level 5 in Poison Magic
 11193 | D:9      | Found a shattered altar of Ashenzari.
 11193 | D:9      | Found a white marble altar of Elyvilon.
 11237 | D:10     | Entered Level 10 of the Dungeon
 11591 | D:10     | Reached skill level 10 in Stealth
 11978 | D:10     | Received a gift from Okawaru
 11992 | D:10     | Received a gift from Okawaru
 12520 | Lair:1   | Entered Level 1 of the Lair of Beasts
 12522 | Lair:1   | Identified a scroll of acquirement
 12665 | Lair:1   | Reached ****** piety under Okawaru
 12666 | Lair:1   | Found a dark tunnel.
 12675 | Volcano  | Entered a volcano
 12740 | Volcano  | Received a gift from Okawaru
 13162 | Lair:1   | Reached XP level 12. HP: 74/93 MP: 22/22
 13415 | Lair:1   | Noticed Garbasso's ghost (journeyman FoAK)
 13458 | Lair:1   | Found a transporter.
 13909 | Lair:1   | Found a transporter.
 13944 | Lair:1   | Noticed an eight-headed hydra
 13955 | Lair:1   | Killed an eight-headed hydra
 14075 | Lair:2   | Found a hole to the Spider Nest.
 14201 | Lair:2   | Found a frozen archway.
 14219 | IceCv    | Entered an ice cave
 14226 | IceCv    | Received a gift from Okawaru
 14243 | IceCv    | Got a twisted great mace {god gift}
 14260 | IceCv    | Identified the +7 great mace of the Priest {elec, rC+ rN+
                  | Dex+2 Stlth-} (Okawaru gifted it to you in an ice cave)
 14902 | IceCv    | Got translucent ice dragon scales
 14905 | IceCv    | Identified the cursed +1 ice dragon scales of the
                  | Untouchables {rF- rC++ Slay+5} (You found it in an ice
                  | cave)
 15095 | Lair:2   | Received a gift from Okawaru
 15109 | Lair:2   | Found a snail-covered altar of Cheibriados.
 15222 | Lair:2   | Received a gift from Okawaru
 15549 | Lair:2   | Noticed a four-headed hydra
 15561 | Lair:2   | Killed a four-headed hydra
 15561 | Lair:2   | Reached XP level 13. HP: 88/101 MP: 24/24
 16076 | Lair:3   | Found a staircase to the Shoals.
 17484 | Lair:4   | Reached skill level 10 in Fighting
 17600 | Lair:4   | Received a gift from Okawaru
 17811 | Lair:4   | Received a gift from Okawaru
 18194 | Lair:4   | Noticed Yroull's ghost (journeyman OgBe)
 18201 | Lair:4   | Found a transporter.
 18205 | Lair:4   | Found a transporter.
 18982 | Lair:5   | Reached XP level 14. HP: 97/111 MP: 26/26
 19562 | Lair:5   | Got an iridescent dagger
 19563 | Lair:5   | Identified the cursed +1 dagger "Ziovaf" {drain, rN+ Int-5
                  | SInv Stlth+} (You found it on level 5 of the Lair of
                  | Beasts)
 19577 | Lair:6   | Entered Level 6 of the Lair of Beasts
 19577 | Lair:6   | Found a viscous altar of Jiyva.
 19578 | Lair:6   | Found a staircase to the Slime Pits.
 19610 | Lair:6   | Received a gift from Okawaru
 19725 | Lair:6   | Noticed Sonja
 19739 | Lair:6   | Killed Sonja
 19739 | Lair:6   | Reached skill level 10 in Short Blades
 19739 | Lair:6   | Reached skill level 10 in Throwing
 19799 | Lair:6   | Found the +0 pair of fencer's gloves {+Riposte Dex+3}
 20117 | Lair:6   | Received a gift from Okawaru
 20131 | Lair:6   | Got a shimmering glaive {god gift}
 20309 | Lair:6   | Identified the +2 glaive of Okawaru's Condemnation {chop,
                  | rN++} (Okawaru gifted it to you on level 6 of the Lair of
                  | Beasts)
 20793 | Lair:6   | Received a gift from Okawaru
 21059 | Lair:6   | Reached skill level 10 in Invocations
 21347 | Lair:6   | Found the +8 orange crystal plate armour {Archmagi, Int+3
                  | Clar}
 21934 | D:10     | namelastname112: ??okawaru wrath
 21950 | D:10     | beem: okawaru wrath[1/3]: ABANDONMENT: 25 penance.
                  | RETRIBUTION: 1+XL/5 punishers, chosen from a list of
                  | various powerful humanoids and giants that scale with your
                  | XL. See {Okawaru Wrath[2]} for a full list.
 21962 | D:11     | Noticed Psyche
 21974 | D:11     | Killed Psyche
 21974 | D:11     | Received a gift from Okawaru
 22000 | D:11     | namelastname112: ??okawaru wrath [2
 22002 | D:11     | beem: okawaru wrath[2/3]: Orc, Gnoll, Ogre, Gnoll Sergeant,
                  | Two-Headed Ogre, Orc Warrior, Orc Knight, Hill Giant,
                  | Cyclops, Centaur Warrior, Naga Warrior, Tengu Warrior,
                  | Merfolk Impaler, Javelineer, Minotaur, Stone Giant, Deep
                  | Elf Knight, Orc Warlord, Fire Giant, Frost Giant, Deep Elf
                  | Blademaster, Deep Elf Master Archer, Draconian and Titan.
 22301 | D:11     | Learned a level 3 spell: Spectral Weapon
 22547 | Lair:2   | Fell from the grace of Okawaru
 22547 | Lair:2   | Became a worshipper of Cheibriados the Contemplative
 22844 | D:11     | Reached * piety under Cheibriados
 22894 | D:11     | Noticed Urug
 22912 | D:11     | Killed Urug
 22993 | D:12     | Found a labyrinth entrance.
 23012 | Lab      | Entered a labyrinth
 23163 | Lab      | Noticed a stone giant
 23163 | Lab      | Noticed a stone giant
 23175 | Lab      | Killed a stone giant
 23190 | Lab      | Killed a stone giant
 23230 | Lab      | Reached XP level 15. HP: 62/120 MP: 28/28
 23235 | Lab      | Noticed a fire giant
 23235 | Lab      | Noticed a fire giant
 23235 | Lab      | Noticed a fire giant
 23236 | Lab      | Identified Tuxkeos's Reference Book on Weightlessness
 23490 | D:12     | Reached ** piety under Cheibriados
 23588 | D:12     | Found a staircase to the Orcish Mines.
 23674 | D:12     | Reached skill level 10 in Dodging
 23755 | D:12     | Noticed a fire giant
 24311 | D:12     | Killed a fire giant
 24662 | D:13     | Reached *** piety under Cheibriados
 24898 | D:13     | Noticed Maurice
 24900 | D:13     | Killed Maurice
 25221 | D:13     | Reached **** piety under Cheibriados
 25475 | D:14     | Found a flagged portal.
 25481 | Bailey   | Entered a bailey
 25703 | D:14     | Reached ***** piety under Cheibriados
 25703 | D:14     | Reached skill level 10 in Long Blades
 25703 | D:14     | Reached skill level 10 in Axes
 25703 | D:14     | Reached skill level 10 in Maces & Flails
 25703 | D:14     | Reached skill level 10 in Polearms
 25703 | D:14     | Reached skill level 10 in Staves
 25703 | D:14     | Reached skill level 10 in Slings
 25703 | D:14     | Reached skill level 10 in Bows
 25703 | D:14     | Reached skill level 10 in Crossbows
 25703 | D:14     | Reached skill level 10 in Armour
 25703 | D:14     | Reached skill level 10 in Shields
 25703 | D:14     | Reached skill level 10 in Unarmed Combat
 25703 | D:14     | Reached skill level 10 in Spellcasting
 25703 | D:14     | Reached skill level 10 in Evocations
 25927 | D:13     | Noticed a deep elf master archer
 25927 | D:13     | Noticed a deep elf master archer
 25927 | D:13     | Noticed a titan
 25927 | D:13     | Noticed a titan
 26100 | D:14     | Found a gate to the Vaults.
 26448 | D:14     | Noticed a titan
 26448 | D:14     | Noticed a fire giant
 26448 | D:14     | Noticed a deep elf master archer
 26451 | D:14     | Killed a deep elf master archer
 26642 | Orc:1    | Entered Level 1 of the Orcish Mines
 26642 | Orc:1    | Found Hohalan's General Store.
 26708 | Orc:1    | Reached ****** piety under Cheibriados
 27563 | Orc:2    | Entered Level 2 of the Orcish Mines
 27595 | Orc:2    | Found a staircase to the Elven Halls.
 27728 | Orc:2    | Found a roughly hewn altar of Beogh.
 27845 | Orc:2    | Killed from afar by a black draconian

Vault maps used:
D:1:      minmay_arrival_shattered_statue
D:2:      lemuel_coloured_pillars_altar, uniq_robin
D:3:      overflow_temple_1_default, first_ration
D:4:      marbit_many_paths
D:5:      cheibrodos_barr_body, overflow_temple_1_default, hangedman_ru_absence,
          serial_shops, nicolae_shop_trees, serial_park_tiny_2
D:6:      lemuel_round_altar, nicolae_ossuary_entry_monument, serial_shops,
          shop, kennysheep_little_box, shop, kennysheep_mini,
          nicolae_shop_waterfront, hex_medium
D:7:      tgw_xom, minmay_temple_entry_purple_smoke, ebering_ghost_xom,
          basic_altar, uniq_joseph
D:8:      cheibrodos_histonic, nicolae_overflow_hidden_temple
D:9:      lemuel_crystal_altar, old_standard_altar,
          amethyst_overflow_temple_binary, david_lair_shrubbed, serial_shops,
          shop, hangedman_little_slice_of_home
D:11:     serial_ice, serial_ice_g, serial_ice_h, serial_ice_i, serial_ice_a,
          uniq_urug, uniq_psyche
D:12:     orc_0_dummy, lab_entry_generic
D:13:     uniq_maurice
D:14:     lightli_vaults_fourway_checkpoint, minmay_misc_feat_four_crosses,
          enter_bailey_3, special_room, kennysheep_small_square
Lair:1:   gammafunk_ghost_arena, nicolae_volcano_entry_lava_flow,
          beast_lair_carwin_9, grunt_megastairs_2
Lair:2:   spider_nest_entry_a, portal_ice_cave_rime, kennysheep_snail_temple
Lair:3:   minmay_shoals_entry_lonely_mermaid, lemuel_fruit_fields
Lair:4:   gammafunk_ghost_hive, kennysheep_basilisk_garden, lemuel_fruit_fields,
          serial_bayou_shore_a
Lair:5:   lemuel_fruit_tree
Lair:6:   hangedman_lair_in_review, slime_altar_1, infiniplex_staircase_pool,
          uniq_sonja
Orc:1:    serial_shops, nicolae_shop_temple_entry_statues_fountains
Orc:2:    pf_orc_diabolical, basic_altar
Lab:      labyrinth_green, nicolae_lab_t_cross
Ossuary:  ossuary_tomb_1
Bailey:   bailey_polearm_3, bailey
IceCv:    ice_cave_statue_garden_chambered
Volcano:  volcano_caves

Skill      XL: |  1  2  3  4  5  6  7  8  9 10 11 12 13 14 15 |
---------------+----------------------------------------------+-----
Invocations    | 1 2 3 4 5 6 7 8 9 10 11 | 11.1
Long Blades    | 1 2 3 4 5 6 7 8 9 10 | 10.2
Axes           | 1 2 3 4 5 6 7 8 9 10 | 10.2
Maces & Flails | 1 2 3 4 5 6 7 8 9 10 | 10.2
Polearms       | 1 2 3 4 5 6 7 8 9 10 | 10.2
Staves         | 1 2 3 4 5 6 7 8 9 10 | 10.2
Slings         | 1 2 3 4 5 6 7 8 9 10 | 10.2
Bows           | 1 2 3 4 5 6 7 8 9 10 | 10.2
Crossbows      | 1 2 3 4 5 6 7 8 9 10 | 10.2
Armour         | 1 2 3 4 5 6 7 8 9 10 | 10.2
Shields        | 1 2 3 4 5 6 7 8 9 10 | 10.2
Unarmed Combat | 1 2 3 4 5 6 7 8 9 10 | 10.2
Spellcasting   | 1 2 3 4 5 6 7 8 9 10 | 10.2
Evocations     | 1 2 3 4 5 6 7 8 9 10 | 10.2
Conjurations   | 1 2 3 4 5 6 7 8 |  8.7
Hexes          | 1 2 3 4 5 6 7 8 |  8.7
Charms         | 1 2 3 4 5 6 7 8 |  8.7
Summonings     | 1 2 3 4 5 6 7 8 |  8.7
Necromancy     | 1 2 3 4 5 6 7 8 |  8.7
Translocations | 1 2 3 4 5 6 7 8 |  8.7
Transmutations | 1 2 3 4 5 6 7 8 |  8.7
Fire Magic     | 1 2 3 4 5 6 7 8 |  8.7
Ice Magic      | 1 2 3 4 5 6 7 8 |  8.7
Air Magic      | 1 2 3 4 5 6 7 8 |  8.7
Earth Magic    | 1 2 3 4 5 6 7 8 |  8.7
Poison Magic   | 1 2 3 4 5 6 7 8 |  8.7
Dodging        | 3 4 5 6 7 8 9 10 | 10.6
Stealth        | 8 9 10 11 12 | 12.5
Fighting       | 5 6 7 8 9 10 11 12 | 12.9
Short Blades   | 5 6 7 8 9 10 11 | 11.1
Throwing       | 5 6 7 8 9 10 11 | 11.1

Action                   |  1- 3 |  4- 6 |  7- 9 | 10-12 | 13-15 || total
-------------------------+-------+-------+-------+-------+-------++-------
Melee: Dagger            |    14 |       |       |       |       ||    14
       Bite              |     4 |     8 |    64 |   138 |   210 ||   424
       Spear             |    56 |    33 |       |       |       ||    89
       Short sword       |       |    53 |   430 |   537 |       ||  1020
       Punch             |       |       |    22 |    17 |       ||    39
       War axe           |       |       |       |    30 |       ||    30
       Demon trident     |       |       |       |   258 |  1251 ||  1509
       Great mace        |       |       |       |    41 |       ||    41
 Fire: Blowgun           |       |     4 |    39 |       |       ||    43
Throw: Tomahawk          |       |       |       |       |     6 ||     6
 Cast: Regeneration      |       |       |       |    22 |    66 ||    88
       Blink             |       |       |       |    10 |    14 ||    24
       Spectral Weapon   |       |       |       |       |    59 ||    59
Invok: Heroism           |       |       |     4 |     7 |     3 ||    14
       Step From Time    |       |       |       |       |     1 ||     1
 Abil: Stop Flying       |       |       |       |       |     1 ||     1
Evoke: Wand              |       |       |     4 |     6 |    23 ||    33
       Lightning rod     |       |       |       |     3 |     4 ||     7
  Use: Scroll            |       |       |    20 |    10 |    26 ||    56
       Potion            |       |       |       |     1 |     9 ||    10
 Stab: Sleeping          |    10 |    18 |    23 |    29 |    12 ||    92
       Distracted        |       |       |     1 |     1 |    12 ||    14
  Eat: Chunk             |       |     4 |     8 |    21 |    15 ||    48
       Ration            |       |     2 |     2 |     2 |     7 ||    13
Armor: Robe              |    14 |    14 |    25 |       |       ||    53
       Ring mail         |       |       |    90 |   227 |       ||   317
       Ice dragon scales |       |       |       |    24 |   237 ||   261
       Crystal plate arm |       |       |       |       |   343 ||   343
Dodge: Dodged            |    50 |    27 |   234 |   494 |   598 ||  1403
Block: Buckler           |       |       |       |   113 |   417 ||   530
       Rpst.: Demon trident |       |       |       |       |    73 ||    73

Table legend:
 A = Non-vault XP
 B = Vault XP
 C = Vault XP percentage of total XP
 D = Non-vault monster count
 E = Vault monster count
 F = Vault count percentage of total count
                 A         B        C        D         E       F
            +---------+---------+-------+---------+---------+-------
      Total |   84863 |   42366 |  33.3 |     562 |     217 |  27.9
            +---------+---------+-------+---------+---------+-------
        D:1 |      29 |       4 |  12.1 |      16 |       2 |  11.1
        D:2 |      56 |      32 |  36.4 |      18 |       9 |  33.3
        D:3 |      41 |       0 |   0.0 |      13 |       0 |   0.0
        D:4 |     294 |       0 |   0.0 |      13 |       0 |   0.0
        D:5 |     625 |     600 |  49.0 |      14 |      13 |  48.1
        D:6 |     160 |       0 |   0.0 |       8 |       0 |   0.0
        D:7 |     879 |     501 |  36.3 |      27 |       6 |  18.2
        D:8 |    1986 |    2377 |  54.5 |      26 |      18 |  40.9
        D:9 |    3754 |     165 |   4.2 |      38 |       8 |  17.4
       D:10 |    3105 |       2 |   0.1 |      41 |       1 |   2.4
       D:11 |    5671 |    1989 |  26.0 |      54 |      11 |  16.9
       D:12 |    6918 |       0 |   0.0 |      36 |       0 |   0.0
       D:13 |    8728 |     457 |   5.0 |      24 |       1 |   4.0
       D:14 |    2100 |    9407 |  81.8 |      10 |      42 |  80.8
     Lair:1 |    6261 |    1269 |  16.9 |      30 |       7 |  18.9
     Lair:2 |    5419 |    2017 |  27.1 |      19 |       6 |  24.0
     Lair:3 |    4969 |     410 |   7.6 |      17 |       1 |   5.6
     Lair:4 |    7536 |     935 |  11.0 |      25 |       5 |  16.7
     Lair:5 |    8628 |       0 |   0.0 |      33 |       0 |   0.0
     Lair:6 |    9863 |   11226 |  53.2 |      40 |      22 |  35.5
      Orc:1 |    4071 |       0 |   0.0 |      29 |       0 |   0.0
      Orc:2 |    3770 |      81 |   2.1 |      31 |       2 |   6.1
        Lab |       0 |    1316 | 100.0 |       0 |       1 | 100.0
    Ossuary |       0 |     333 | 100.0 |       0 |      38 | 100.0
     Bailey |       0 |    5661 | 100.0 |       0 |      10 | 100.0
      IceCv |       0 |    3140 | 100.0 |       0 |      11 | 100.0
    Volcano |       0 |     444 | 100.0 |       0 |       3 | 100.0
            +---------+---------+-------+---------+---------+-------
